Map: Acropolis LE

Players

Maxilicious - Winner!

  • Race: Terran Terran
  • League: Master
  • Spawn Location: 11:00

A.I. 1 (Very Easy)

  • Race: Terran Terran
  • Spawn Location: 5:00

VOD

Have the link to the VOD?

Description

Time

  • Played on: Aug. 5, 2019, 9:52 a.m.
  • Length: 7:32
Show
View Real Time Build Order
Export as new Build Order

Maxilicious Terran - Winner!

Build Orders: Reaper Expand 

Get SALT Encoding   

  12  0:01  SCV  
  13  0:13  SCV  
  14  0:17  Supply Depot  
  14  0:25  SCV  
  15  0:38  SCV  
  15  0:39  Barracks  
  16  0:44  Refinery  
  16  0:51  SCV  
  17  1:03  SCV  
  18  1:15  SCV  
  19  1:27  Orbital Command  
  19  1:28  Reaper  
  20  1:40  Command Center  
  20  1:51  Supply Depot  
  20  1:52  SCV  
  21  2:00  Marine  
  22  2:05  SCV  
  23  2:12  Factory  
  23  2:17  SCV, Bunker  
  23  2:22  Barracks Reactor  
  24  2:26  Refinery  
  24  2:29  SCV  
  25  2:41  SCV  
  26  2:53  SCV  
  26  2:54  Orbital Command  
  26  2:58  Starport  
  27  3:00  Marine x2  
  27  3:01  Factory Tech Lab  
  27  3:05  SCV  
  30  3:17  SCV  
  31  3:20  SCV  
  31  3:21  Marine x2  
  31  3:22  Cyclone  
  37  3:29  SCV  
  37  3:32  SCV  
  39  3:35  Viking, Barracks  
  41  3:42  Supply Depot  
  41  3:43  SCV  
  41  3:44  Marine  
  41  3:45  Marine  
  44  3:51  Supply Depot  
  44  3:52  SCV  
  45  4:07  Factory Tech Lab  
  45  4:09  Starport Reactor  
  45  4:10  SCV x2, Barracks  
  45  4:13  Supply Depot  
  45  4:16  Marine x2  
  49  4:27  SCV x2  
  49  4:30  Engineering Bay, Siege Tank  
  54  4:31  Stimpack  
  54  4:32  Marine  
  54  4:36  Refinery  
  54  4:37  Marine x2  
  57  4:41  SCV x2  
  59  4:52  Starport Reactor  
  59  4:53  SCV x2  
  59  4:55  Marine x2  
  59  4:56  Marine, Supply Depot  
  59  4:57  Supply Depot  
  64  5:05  Terran Infantry Weapons Level 1  
  64  5:08  Marine x2  
  64  5:11  SCV x2  
  68  5:17  Siege Tank  
  68  5:19  Supply Depot  
  68  5:20  Marine  
  68  5:21  Marine x2  
  74  5:23  SCV x2  
  76  5:30  Marine x2  
  78  5:38  Medivac, Supply Depot  
  78  5:39  Medivac, Supply Depot  
  78  5:40  Marine x2  
  78  5:41  Marine  
  85  5:44  SCV x2  
  87  5:53  Siege Tank  
  87  5:54  Marine x2  
  87  5:56  SCV x2  
  94  6:02  Marine x3  
  97  6:07  Supply Depot  
  97  6:10  SCV  
  97  6:11  SCV  
  99  6:14  Refinery  
  99  6:20  Marine  
  99  6:21  Marine x3  
  99  6:22  Marine  
  99  6:23  Medivac x2  
  108  6:29  Supply Depot  
  108  6:30  Supply Depot  
  108  6:38  Marine  
  108  6:39  SCV x2  
  111  6:48  Marine x4  
  111  6:49  Supply Depot, Siege Tank  
  111  6:52  Command Center  
  118  6:59  Marine  
  120  7:01  SCV x2  
  120  7:04  Supply Depot x2  
  120  7:05  Marine  
  122  7:11  Marine x2  
  122  7:12  Marine  
  129  7:15  SCV x2  
  131  7:24  Supply Depot  
Show
View Real Time Build Order
Export as new Build Order

A.I. 1 (Very Easy) Terran 

Build Orders:  

Get SALT Encoding   

  12  0:00  SCV  
  13  0:13  SCV  
  14  0:17  Supply Depot  
  14  0:37  Refinery  
  14  0:43  Barracks  
  14  1:05  Supply Depot  
  14  1:13  Refinery  
  14  1:30  Marine  
  14  1:31  Orbital Command  
  15  1:49  Barracks Tech Lab  
  15  1:57  SCV  
  16  2:09  SCV  
  17  2:18  Marine  
  17  2:21  SCV  
  19  2:33  SCV  
  20  2:45  SCV  
  21  2:57  SCV  
  22  3:06  Marauder  
  24  6:24  SCV  
  24  6:50  SCV  
  24  6:51  Marine  
  24  6:53  Supply Depot  
  26  6:54  Factory  
  26  6:58  Command Center  
  22  7:02  SCV  
  21  7:10  Supply Depot  
  21  7:14  SCV  
Tags
 
League
Master
Matchup
TvT
Race
Terran
Spawn Locations
Cross Positions
Add a new tag
Caveats
  • Supply blocks, unpowered buildings, or Contaminate may cause inaccurate times.
  • Supply counts are checked every 10 seconds.